 Dungeon Crawl Stone Soup version 0.32-a0-928-g1cae6b7ea0 (webtiles) character file.

Game seed: 3257533923491872022

17 Autsider the Cudgeller (level 2, -1/22 HPs)
             Began as a Demonspawn Gladiator on Apr 12, 2024.
             Slain by a cerulean imp
             ... wielding a +1 spear
             ... summoned by Natasha
              (3 damage)
             ... on level 2 of the Dungeon.
             The game lasted 00:01:45 (775 turns).

Autsider the Cudgeller (Demonspawn Gladiator)        Turns: 775, Time: 00:01:46

Health: -1/22      AC:  4    Str: 14    XL:     2   Next: 44%
Magic:  2/2        EV: 11    Int:  8    God:
Gold:   16         SH:  0    Dex: 14    Spells: 1/1 levels left

rFire   . . .        a - +0 flail
rCold   . . .        (no shield)
rNeg    . . .        b - +0 leather armour
rPois   .            c - +0 helmet
rElec   .            (no cloak)
rCorr   .            (no gloves)
SInv    .            (no boots)
Will    .....        k - amulet of regeneration
Stlth   +            (no ring)
HPRegen 1.03/turn    (no ring)
MPRegen 0.08/turn

%: no passive effects
@: about to teleport, slowed, very slow
A: weakness stinger 1
a: no special abilities


You were on level 2 of the Dungeon.
You visited 1 branch of the dungeon, and saw 2 of its levels.

You collected 16 gold pieces.

Inventory:

Hand Weapons
 a - a +0 flail (weapon)
 g - a +2 dagger of flaming
Missiles
 d - 3 throwing nets (quivered)
 e - a javelin
Armour
 b - a +0 leather armour (worn)
 c - a +0 helmet (worn)
 m - a +0 pair of gloves
Magical Staves
 n - a staff of alchemy
Jewellery
 k - an amulet of regeneration (around neck)
 l - a ring of willpower
Scrolls
 j - a scroll of teleportation {@r2}
Potions
 f - a potion of brilliance {unknown}
 h - a potion of might {unknown}
 i - a potion of invisibility {unknown}
 o - a potion of lignification {unknown}


   Skills:
 - Level 2.0 Fighting
 + Level 2.9 Maces & Flails
 - Level 1.7 Throwing
 + Level 0.7 Armour
 + Level 2.9 Dodging
 + Level 0.8 Stealth


You had one spell level left.
You didn't know any spells.
Your spell library was empty.

Dungeon Overview and Level Annotations

Branches:
Dungeon (2/15)

Altars:

Annotations:
D:2 Natasha


Innate Abilities, Weirdness & Mutations

You have a small tail.


Message History

Natasha is heavily wounded.
The cerulean imp barely misses you.
Natasha wildly gestures.
You feel troubled. Natasha claws you but does no damage.
The cerulean imp hits you from afar with a +1 spear.
The cerulean imp barely misses you.
You hit Natasha but do no damage.
Natasha is heavily wounded.
The cerulean imp hits you from afar with a +0 spear.
* * * LOW HITPOINT WARNING * * *
Natasha claws you but does no damage.
The cerulean imp hits you from afar with a +1 spear.
* * * LOW HITPOINT WARNING * * *
The cerulean imp misses you. The cerulean imp closely misses you.
Natasha casts a spell at you.
You feel yourself slow down.
Your library has no spells.
Unknown command.
You don't know any spells.
Unknown command.
Sorry, you're not good enough to have a special ability.
You don't know any spells.
Unknown command.
Okay, then.
What are your orders? t - Shout!
Orders for allies: a - Attack new target. r - Retreat! s - Stop attacking. g - Guard the area. f - Follow me.
Anything else - Cancel.
Okay, then.
As you read the scroll labelled QOVIPLYLUPT, it crumbles to dust.
You feel strangely unstable.
It was a scroll of teleportation.
The cerulean imp closely misses you.
The cerulean imp hits you but does no damage.
The cerulean imp barely misses you. Natasha claws you!
* * * LOW HITPOINT WARNING * * *
The cerulean imp hits you from afar with a +1 spear.
You die...

.# .# .#.. .#.
#########>.
...?......#
........55#+###
.......h.......
#..@.......
###+########...5......
#..........#..........
#..........#..........
#..........#.........$
#..........#..........
#..........#..........
#..................###
###.######.#########


You could see Natasha and 3 cerulean imps.

Vanquished Creatures
  A dart slug (D:1)
  A ball python (D:1)
  2 endoplasms
  A giant cockroach (D:1)
  2 hobgoblins (D:1)
  2 jackals (D:1)
  2 bats
  A frilled lizard (D:1)
  2 rats (D:1)
14 creatures vanquished.

Notes
Turn   | Place    | Note
-------+----------+-------------------------------------------
     0 | D:1      | Autsider the Demonspawn Gladiator began the quest for the
                  | Orb.
     0 | D:1      | Reached XP level 1. HP: 16/16 MP: 1/1
   380 | D:1      | Found a faded altar of an unknown god.
   501 | D:1      | Gained mutation: You have a small tail. [demonic ancestry]
   501 | D:1      | Reached XP level 2. HP: 22/22 MP: 2/2
   763 | D:2      | Noticed Natasha
   775 | D:2      | Slain by a cerulean imp

Illustrated notes

Levels and vault maps discovered:
D:1:      tarquinn_simple_flora_water_c, layout_basic,
          hellmonk_ecumenical_altar_run_dry, chequers_serial_rivers_large_b
D:2:      layout_basic, minmay_tromino_mix6, uniq_terence, uniq_natasha

Action                     || total
---------------------------++-------
  Melee: Flail             ||    32
         Tailslap          ||     3
    Use: Scroll            ||     1
 Armour: Leather armour    ||    26
  Dodge: Dodged            ||    30

Table legend: (Time is in decaauts)
 A = Elapsed time spent in this place.
 B = Non-inter-level travel time spent in this place.
 C = Inter-level travel time spent in this place.
 D = Time resting spent in this place.
 E = Time spent auto-exploring this place.
 F = Levels seen in this place.
 G = Mean time per level.
                   A        B        C        D        E       F      G
               +--------+--------+--------+--------+--------+-----+--------+
         Total |    813 |    751 |     62 |      0 |    646 |   2 |  406.5 |
       Dungeon |    813 |    751 |     62 |      0 |    646 |   2 |  406.5 |
               +--------+--------+--------+--------+--------+-----+--------+

Top non-repeatable levels by time:
     D:1: 731 daAuts
     D:2: 82 daAuts
